 Dungeon Crawl Stone Soup version 0.14-a0-942-gbd853f2 (webtiles) character file.

218 PolkaDot the Sneak (level 4, 0/28 HPs)
             Began as a Vampire Wizard on Nov 20, 2013.
             Slain by an orc
             ... wielding a +0,+1 orcish mace
              (7 damage)
             ... on Level 3 of the Dungeon.
             The game lasted 00:07:21 (2409 turns).

PolkaDot the Sneak (Vampire Wizard)                 Turns: 2409, Time: 00:07:21

HP   0/28        AC  4     Str  6      XL: 4   Next: 18%
MP  12/12        EV 12     Int 21      God:
Gold 138         SH  0     Dex 12      Spells:  4 memorised,  0 levels left

Res.Fire  : . . .   See Invis. : +   v - +3,+4 elf trident (pierce)
Res.Cold  : . . .   Warding    : .   a - +0 robe
Life Prot.: . . .   Conserve   : .   (no shield)
Res.Poison: .       Res.Corr.  : .   b - +0 wizard hat
Res.Elec. : .       Clarity    : .   (no cloak)
Sust.Abil.: + .     Spirit.Shd : .   l - +0 pair of dwarf gloves
Res.Mut.  : .       Stasis     : .   e - +0 pair of boots
Res.Rott. : .       Flight     : .   (no amulet)
Saprovore : . . .                    (no ring)
                                     k - ring of sustain abilities {unknown}

@: regenerating quickly, slightly resistant to hostile enchantments, stealthy
A: fangs 3, see invisible, unbreathing
a: no special abilities


You were on level 3 of the Dungeon.
You were full.

You visited 1 branch of the dungeon, and saw 3 of its levels.

You collected 138 gold pieces.

Inventory:

Hand weapons
 v - a +3,+4 elven trident of piercing (weapon)
Armour
 a - a +0 robe (worn)
 b - a +0 wizard hat (worn)
 e - a +0 pair of boots (worn)
 l - a +0 pair of dwarven gloves (worn)
Scrolls
 m - 2 scrolls of identify {unknown}
 n - 2 scrolls of remove curse
 o - 2 scrolls of fog {unknown}
 p - a scroll of blinking {unknown}
 q - a scroll of random uselessness {unknown}
 r - a scroll of noise {unknown}
 t - a scroll of curse jewellery {unknown}
 u - a scroll of teleportation {unknown}
Jewellery
 k - a ring of sustain abilities (left hand) {unknown}
Potions
 d - a potion of coagulated blood
 f - 2 potions of mutation {unknown}
 g - a potion of agility {unknown}
 h - a potion of brilliance {unknown}
 i - a potion of might {unknown}
 j - a potion of curing {unknown}
 s - a potion of magic {unknown}
Books
 c - a book of Minor Magic

   Spells                             Type                      Level
   *Magic Dart                        Conjuration                  1
   *Blink                             Translocation                2
   Call Imp                           Summoning                    2
   Repel Missiles                     Charms/Air                   2
   Slow                               Hexes                        2
   *Conjure Flame                     Conjuration/Fire             3
   *Mephitic Cloud                    Conjuration/Poison/Air       3


   Skills:
 - Level 2.1 Dodging
 - Level 3.0 Stealth
 - Level 3.0 Spellcasting
 * Level 3.0 Conjurations
   Level 1.0 Summonings
 - Level 0.7 Translocations


You couldn't memorise any spells.
You knew the following spells:

 Your Spells              Type           Power        Failure   Level  Hunger
a - Magic Dart            Conj           ###.         4%          1    None
d - Mephitic Cloud        Conj/Pois/Air  #.......     30%         3    ###....
q - Blink                 Tloc           N/A          17%         2    ##.....
s - Conjure Flame         Conj/Fire      #.......     24%         3    ###....


Dungeon Overview and Level Annotations

Branches:
Dungeon (3/16)

Altars:
Elyvilon


Innate Abilities, Weirdness & Mutations

Your natural rate of healing is unusually fast.
You have razor-sharp teeth.*
You have supernaturally acute eyesight.
You can survive without breathing.*


Message History

You kill the orc!
The orc closely misses you.
You hit the orc.
The orc is severely wounded.
The orc barely misses you. The orc closely misses you.
You closely miss the orc.
The orc is severely wounded.
The orc hits you from afar with an orcish trident.
The orc hits you with an orcish club.
You puncture the orc!
You kill the orc!
The orc hits you but does no damage. The orc closely misses you.
You barely miss the orc. Your bite misses the orc.
The orc hits you from afar with an orcish trident.
The orc barely misses you.
You barely miss the orc.
The orc hits you from afar with an orcish trident!
* * * LOW HITPOINT WARNING * * *
The orc hits you with an orcish mace!
You die...

#.# .......> ##......#
.......# ..# ......#
#.# ..# ..... ... ...
o.. #.# #.# #o#
####.####.######@######
......................#
#......#.######......#
#..%...#.######..(...#
#............%.......#
#......#............##
##......#.#..........#
........#.#..........#
#######.#.#..........#


You could see 2 orcs.

Vanquished Creatures
  An adder (D:2)
  2 worms (D:2)
  3 giant geckos
  3 orcs (D:3)
  3 bats (D:2)
  2 giant cockroaches
  8 hobgoblins
  3 jackals (D:2)
  11 kobolds
  A quokka (D:2)
  3 ball pythons
  3 giant newts
  6 goblins
  4 rats
53 creatures vanquished.

Notes
Turn   | Place    | Note
--------------------------------------------------------------
     0 | D:1      | PolkaDot, the Vampire Wizard, began the quest for the Orb.
     0 | D:1      | Reached XP level 1. HP: 11/11 MP: 6/6
    63 | D:1      | Reached skill level 1 in Conjurations
   352 | D:1      | Reached XP level 2. HP: 17/17 MP: 5/8
  1281 | D:2      | Reached XP level 3. HP: 22/22 MP: 6/10
  2007 | D:2      | Reached XP level 4. HP: 14/28 MP: 10/12
  2134 | D:2      | Learned a level 3 spell: Conjure Flame
  2138 | D:2      | Learned a level 3 spell: Mephitic Cloud
  2141 | D:2      | Learned a level 2 spell: Blink
  2310 | D:3      | Found a white marble altar of Elyvilon.
  2409 | D:3      | Slain by an orc

Action                   |  1- 3 |  4- 6 || total
-------------------------+-------+-------++-------
Melee: Dagger            |     5 |       ||     5
       Spear             |    65 |    25 ||    90
       Trident           |       |    12 ||    12
 Cast: Magic Dart        |    61 |     3 ||    64
  Use: Scroll            |     1 |       ||     1
 Stab: Sleeping          |     4 |     1 ||     5
       Distracted        |     1 |       ||     1
